Map: [ESL] Alcyone

Players

Bunny - Winner!

  • Race: Terran Terran
  • Spawn Location: 7:00

Elazer

  • Race: Zerg Zerg
  • Spawn Location: 1:00

Event: ESL SC2 Masters 2023 Winter (Finals)

VOD

Have the link to the VOD?

Description

Time

  • Played on: Dec. 15, 2023, 4:32 p.m.
  • Length: 7:38

All games in this series

Show
View Real Time Build Order
Export as new Build Order

Bunny Terran - Winner!

Build Orders: Reaper Expand, Hellion Banshee 

Get SALT Encoding   

  12  0:00  SCV  
  13  0:12  SCV  
  14  0:17  Supply Depot  
  14  0:24  SCV  
  15  0:38  SCV  
  15  0:39  Barracks  
  15  0:42  Refinery  
  16  0:50  SCV  
  17  1:02  SCV  
  18  1:15  SCV  
  19  1:26  Reaper  
  19  1:27  Orbital Command  
  20  1:37  Command Center  
  20  1:45  Supply Depot  
  20  1:52  SCV  
  21  1:58  Marine  
  22  2:04  SCV  
  22  2:07  Factory  
  23  2:09  Refinery  
  23  2:16  SCV  
  23  2:20  Barracks Reactor  
  24  2:28  SCV  
  25  2:40  SCV  
  26  2:49  Orbital Command  
  26  2:51  Starport  
  26  2:52  SCV  
  27  3:02  Hellion x2  
  27  3:03  Barracks Tech Lab  
  27  3:04  SCV  
  32  3:15  SCV  
  32  3:17  SCV  
  32  3:18  Supply Depot  
  34  3:23  Hellion  
  34  3:24  Hellion  
  38  3:27  SCV  
  38  3:29  Barracks Tech Lab, SCV  
  40  3:34  Banshee, Cloaking Field  
  40  3:39  SCV  
  40  3:41  SCV  
  44  3:44  Hellion  
  44  3:45  Hellion  
  48  3:52  Stimpack, Marine, Supply Depot  
  48  3:55  SCV  
  50  3:56  SCV  
  51  4:08  SCV x2  
  53  4:13  Barracks  
  53  4:15  Barracks  
  53  4:17  Banshee  
  53  4:23  SCV x2  
  58  4:28  Refinery  
  58  4:30  Engineering Bay  
  58  4:31  Supply Depot, Marine  
  58  4:33  Factory Reactor  
  58  4:35  SCV x2  
  61  4:44  Barracks  
  61  4:47  Barracks, SCV  
  62  4:53  Supply Depot, SCV  
  62  4:59  SCV  
  64  5:05  SCV  
  65  5:09  Terran Infantry Weapons Level 1  
  65  5:11  Supply Depot  
  65  5:13  Starport Reactor  
  65  5:14  Marine x2  
  65  5:17  SCV x2  
  69  5:22  Marine x3  
  69  5:23  Siege Tank  
  69  5:27  Supply Depot  
  75  5:32  Marine  
  75  5:34  Marine x3  
  79  5:39  Combat Shield, Marine  
  79  5:40  Marine  
  81  5:45  Marine  
  82  5:50  Supply Depot x2, Marine  
  82  5:52  Medivac, Marine  
  82  5:53  Medivac  
  88  5:58  Siege Tank, Marine x3  
  94  6:09  Supply Depot x2  
  94  6:11  Marine x4  
  94  6:12  Supply Depot  
  94  6:16  Marine  
  99  6:22  Medivac x2  
  103  6:31  Marine x4  
  103  6:32  Marine x2  
  109  6:34  Marine  
  109  6:37  Siege Tank  
  109  6:39  Refinery  
  113  6:40  Supply Depot  
  113  6:49  Marine x6  
  113  6:51  Marine  
  120  7:07  Marine x6  
  126  7:09  Marine  
Show
View Real Time Build Order
Export as new Build Order

Elazer Zerg 

Build Orders: Hatch First 

Get SALT Encoding   

  12  0:00  Drone  
  13  0:12  Overlord  
  13  0:17  Drone  
  14  0:30  Drone x2  
  16  0:48  Hatchery  
  15  0:51  Drone  
  15  0:55  Drone  
  17  0:58  Drone  
  18  1:09  Extractor  
  17  1:13  Spawning Pool  
  17  1:16  Drone  
  17  1:19  Drone  
  18  1:28  Drone  
  19  1:38  Drone  
  20  1:49  Drone  
  21  2:00  Queen x2  
  25  2:02  Zergling x4  
  27  2:11  Drone, Metabolic Boost  
  27  2:12  Overlord  
  28  2:27  Hatchery  
  27  2:30  Drone  
  27  2:33  Drone  
  28  2:37  Drone x2  
  30  2:44  Queen  
  30  2:49  Overlord  
  32  2:52  Drone  
  32  2:55  Drone  
  34  3:03  Drone  
  34  3:04  Overlord  
  35  3:09  Drone x4  
  39  3:14  Queen  
  41  3:20  Queen  
  43  3:29  Drone x2  
  43  3:32  Zergling x4  
  47  3:39  Queen  
  47  3:40  Drone  
  47  3:41  Overlord  
  50  3:42  Drone x2  
  50  3:47  Drone x3  
  55  3:52  Drone x2  
  57  4:00  Drone x4, Queen  
  63  4:03  Overlord  
  63  4:13  Drone x2  
  63  4:16  Overlord  
  65  4:20  Queen  
  65  4:21  Drone x4  
  65  4:22  Drone  
  72  4:25  Drone  
  73  4:31  Lair  
  73  4:33  Drone  
  73  4:36  Queen  
  76  4:42  Spore Crawler  
  76  4:43  Spore Crawler, Overlord  
  76  4:44  Drone x6  
  80  4:46  Spore Crawler  
  80  4:49  Drone x3  
  80  4:50  Extractor  
  81  4:55  Spore Crawler  
  80  5:00  Overlord  
  80  5:01  Drone x2  
  80  5:06  Drone x4  
  87  5:12  Evolution Chamber  
  87  5:13  Evolution Chamber, Hatchery  
  84  5:15  Overlord  
  84  5:16  Drone x4  
  84  5:21  Drone x3  
  91  5:23  Drone x2, Extractor  
  91  5:27  Extractor, Baneling Nest  
  91  5:28  Extractor  
  89  5:31  Overlord  
  89  5:32  Overseer  
  89  5:37  Zergling x10  
  89  5:39  Zerg Ground Armor Level 1, Overlord  
  93  5:51  Overlord  
  93  5:54  Drone x8  
  101  6:03  Extractor, Drone x3  
  102  6:04  Drone  
  102  6:13  Centrifugal Hooks  
  102  6:14  Pneumatized Carapace  
  102  6:15  Burrow  
  102  6:18  Zergling x14  
  109  6:29  Overlord  
  109  6:31  Zergling x10  
  114  6:34  Drone x2  
  114  6:37  Hatchery  
  115  6:41  Zergling x8  
  115  6:46  Overlord  
  119  6:48  Drone x2  
  119  6:49  Zergling x6  
  119  6:50  Baneling x8  
  119  6:51  Baneling x2  
  119  6:54  Hatchery  
  123  6:55  Zergling x6  
  123  7:00  Zergling x4  
  128  7:02  Zergling x6  
  128  7:03  Zergling x2  
  131  7:10  Zergling x2  
  131  7:11  Zergling x8  
  131  7:15  Zergling x2  
  131  7:16  Zergling x8  
Tags
 
Add a new tag
Caveats
  • Supply blocks, unpowered buildings, or Contaminate may cause inaccurate times.
  • Supply counts are checked every 10 seconds.